 Dungeon Crawl Stone Soup version 0.24.0-123-gd5b16e6ec5 (webtiles) character file.

Game seed: 4411640435378868894, levelgen mode: deterministic

24 FishyPogo the Chiller (level 3, 0/28 HPs)
             Began as a Naga Ice Elementalist on Dec 21, 2019.
             Was an Initiate of Fedhas.
             Slain by an adder skeleton (2 damage)
             ... on level 2 of the Dungeon.
             The game lasted 00:04:03 (833 turns).

FishyPogo the Chiller (Naga Ice Elementalist)        Turns: 833, Time: 00:04:04

Health: 0/28       AC:  2    Str: 10    XL:     3   Next: 2%
Magic:  0/6        EV: 10    Int: 20    God:    Fedhas [......]
Gold:   88         SH:  0    Dex: 10    Spells: 3/6 levels left

rFire    . . .     SeeInvis +   e - +0 dagger
rCold    . . .     Gourm    .   (no shield)
rNeg     . . .     Faith    .   a - +0 robe
rPois    +         Spirit   .   (no helmet)
rElec    .         Reflect  .   (no cloak)
rCorr    .         Harm     .   (no gloves)
MR       +....                  (no barding)
Stlth    ++........             (no amulet)
HPRegen  0.09/turn              (no ring)
MPRegen  0.10/turn              (no ring)

@: brilliant, very slightly contaminated, very slow
A: large, see invisible, clumsy 1, deformed body, magic resistance 1, poison
resistance, slowness 2, slow metabolism 1, spit poison 1, evolution 1, AC +1
a: Spit Poison, Renounce Religion


You were on level 2 of the Dungeon.
You worshipped Fedhas.
Fedhas was noncommittal.
You were not hungry.

You visited 1 branch of the dungeon, and saw 2 of its levels.

You collected 88 gold pieces.

Inventory:

Hand Weapons
 e - a +0 dagger (weapon)
Missiles
 d - 43 stones (quivered)
Armour
 a - a +0 robe (worn)
Scrolls
 g - a scroll of remove curse {unknown}
 h - a scroll of identify {unknown}
Potions
 b - a potion of invisibility
 i - a potion of brilliance
Comestibles
 c - 5 rations


   Skills:
 + Level 1.9 Dodging
 - Level 3.0 Stealth
 + Level 2.3 Spellcasting
 - Level 1.0 Conjurations
 * Level 3.6 Ice Magic


You had 3 spell levels left.
You knew the following spells:

 Your Spells              Type           Power        Failure   Level  Hunger
a - Freeze                Ice            ####         1%          1    #......
b - Throw Frost           Conj/Ice       ###...       1%          2    ##.....

Your spell library contained the following spells:

 Spells                   Type           Power        Failure   Level  Hunger
 Ozocubu's Armour         Chrm/Ice       ###.....     2%          3    ###....
 Throw Icicle             Conj/Ice       ###.....     7%          4    #####..
 Summon Ice Beast         Ice/Summ       ###.....     9%          4    #####..


Dungeon Overview and Level Annotations

Branches:
Dungeon (2/15)

Altars:
Fedhas


Innate Abilities, Weirdness & Mutations

You cannot wear boots.
Your serpentine skin is tough. (AC +1)
You have supernaturally acute eyesight. (SInv)
Armour fits poorly on your strangely shaped body.
Your system is resistant to poisons. (rPois)
You cover ground very slowly.
You have a slow metabolism.
You can spit poison.
You are clumsy. (Dex -2)
You are resistant to hostile enchantments. (MR+)
You evolve.


Message History

Press: ? - help, Shift-Dir - straight line, f/p - adder skeleton
Aim: an adder skeleton (severely damaged)
You throw a stone.
The stone hits the adder skeleton but does no damage.
The adder skeleton is severely damaged.
Casting: Freeze (safe; 1% risk of failure)
Confirm with . or Enter, or press ? or * to list all spells.
Aiming: Freeze (safe; 1% risk of failure)
Press: ? - help, Shift-Dir - straight line, f/p - adder skeleton
Aim: an adder skeleton (severely damaged)
The adder skeleton completely resists.
You freeze the adder skeleton but do no damage.
The adder skeleton bites you.
* * * LOW HITPOINT WARNING * * *
The adder skeleton closely misses you.
You hit the adder skeleton but do no damage.
The adder skeleton is severely damaged.
The adder skeleton bites you.
You die...
Fedhas appreciates your contribution to the ecosystem.

................#
.........##.##..# #
.........##..#..#.#
.#####...###.#....#
#...# #..(#..# #####
##..#..# #.(#..#
##Z#..#
######@...#############
#....#....#<..........#
#....#....###########.#
♣♣♣ #....#.#..# #.#
♣.♣♣♣ #....#.#.># #.#
♣._.♣♣ ♣♣......#### #.#
♣♣...♣♣♣♣♣.......# #.#
♣♣♣.............# #.#
♣♣♣♣♣♣........# #.#


You could see an adder skeleton.

Vanquished Creatures
  3 goblins (D:1)
  3 hobgoblins (D:1)
  3 jackals
  5 bats
  3 frilled lizards (D:1)
  3 kobolds (D:1)
  2 rats (D:1)
22 creatures vanquished.

Notes
Turn   | Place    | Note
-------+----------+-------------------------------------------
     0 | D:1      | FishyPogo the Naga Ice Elementalist began the quest for the
                  | Orb.
     0 | D:1      | Reached XP level 1. HP: 15/15 MP: 3/3
   112 | D:1      | Reached XP level 2. HP: 20/22 MP: 5/5
   119 | D:1      | Learned a level 2 spell: Throw Frost
   753 | D:2      | Found a blossoming altar of Fedhas.
   759 | D:2      | Became a worshipper of Fedhas Madash
   806 | D:2      | Reached XP level 3. HP: 7/28 MP: 1/6
   819 | D:2      | Gained mutation: You evolve. [potion of mutation]
   819 | D:2      | Gained mutation: You are clumsy. (Dex -2) [potion of
                  | mutation]
   819 | D:2      | Gained mutation: You are resistant to hostile enchantments.
                  | (MR+) [potion of mutation]
   833 | D:2      | Slain by an adder skeleton

Levels and vault maps discovered:
D:1:      mainiacjoe_arrival_reflecting_pool, layout_rooms
D:2:      layout_basic, chequers_ecumenical_altar_simple, hangedman_glass_teeth,
          fedhas_altar_4

Action                   || total
-------------------------++-------
Melee: Unarmed           ||     2
       Dagger            ||    15
Throw: Stone             ||     5
 Cast: Freeze            ||    14
       Throw Frost       ||    10
 Abil: Spit Poison       ||    18
  Use: Potion            ||     3
  Eat: Chunk             ||     1
Armor: Robe              ||     9
Dodge: Dodged            ||    24
